 Dungeon Crawl Stone Soup version 0.28.0-43-g3370ac3207 (webtiles) character file.

Game seed: 8767660593187026564

63 Revguard the Chopper (level 3, -3/28 HPs)
             Began as a Demonspawn Gladiator on Mar 14, 2022.
             Slain by an iguana (8 damage)
             ... on level 2 of the Dungeon.
             The game lasted 00:02:53 (1748 turns).

Revguard the Chopper (Demonspawn Gladiator)         Turns: 1748, Time: 00:02:54

Health: -3/28      AC:  5    Str: 16    XL:     3   Next: 89%
Magic:  3/3        EV: 14    Int:  9    God:
Gold:   106        SH:  0    Dex: 14    Spells: 2/2 levels left

rFire   . . .      SeeInvis .   a - +0 war axe
rCold   . . .      Faith    .   (no shield)
rNeg    . . .      Spirit   .   i - +1 leather armour {Will+}
rPois   .          Reflect  .   c - +0 helmet
rElec   .          Harm     .   (no cloak)
rCorr   .          Rampage  .   (no gloves)
Will    +....                   (no boots)
Stlth   +.........              (no amulet)
HPRegen 0.09/turn               (no ring)
MPRegen 0.08/turn               (no ring)

@: no status effects
A: repulsion field 1, demonic guardian 1
a: no special abilities


You were on level 2 of the Dungeon.
You visited 1 branch of the dungeon, and saw 2 of its levels.

You collected 106 gold pieces.

Inventory:

Hand Weapons
 a - a +0 war axe (weapon)
Missiles
 d - 3 throwing nets (quivered)
Armour
 c - a +0 helmet (worn)
 i - a +1 leather armour of willpower (worn)
Wands
 h - a wand of iceblast (6)
Scrolls
 b - a scroll of teleportation {unknown}
 f - a scroll of identify {unknown}
 g - a scroll of immolation
Potions
 e - a potion of invisibility


   Skills:
 + Level 2.4 Fighting
 * Level 3.3 Axes
 - Level 1.7 Throwing
 * Level 1.6 Armour
 + Level 3.0 Dodging
 * Level 0.0 Evocations


You had 2 spell levels left.
You didn't know any spells.
Your spell library contained the following spells:

 Spells                   Type           Power      Damage    Failure   Level
 Corpse Rot               Necr/Air       0%         N/A       58%         2
 Dispel Undead            Necr           0%         3d6       99%         4
 Death Channel            Necr           0%         N/A       100%        6


Dungeon Overview and Level Annotations

Branches:
Dungeon (2/15)

Altars:


Innate Abilities, Weirdness & Mutations

You are surrounded by a mild repulsion field. (EV +2)
A weak demonic guardian rushes to your aid.


Message History

There is an open door here.
A goblin comes into view. It is wielding a +0 dagger.
The goblin barely misses you.
You hit the goblin.
You kill the goblin!
You see here a +0 dagger.
An iguana comes into view.
Found 3 gold pieces.
The iguana hisses angrily.
The iguana bites you. The iguana barely misses you.
You barely miss the iguana. The iguana bites you.
The iguana completely misses you.
You hit the iguana but do no damage. The iguana closely misses you.
You barely miss the iguana. The iguana barely misses you.
You hit the iguana.
The iguana is moderately wounded.
The iguana barely misses you. The iguana misses you.
You barely miss the iguana.
The iguana is moderately wounded.
The iguana bites you but does no damage.
You hit the iguana but do no damage.
The iguana is moderately wounded.
The iguana bites you.
You barely miss the iguana.
The iguana is moderately wounded.
The iguana completely misses you. The iguana closely misses you.
You barely miss the iguana.
The iguana is moderately wounded.
The iguana bites you!
A demonic guardian appears!
You barely miss the iguana.
The iguana is moderately wounded.
The iguana bites you!
* * * LOW HITPOINT WARNING * * *
Your iron imp hits the iguana.
The iguana bites you but does no damage.
You hit the iguana.
The iguana is severely wounded.
The iguana bites you!
You die...

#.)..[.#.#...# #####.#
#.....†......# #.#
#####...#####......# #.#
..............#.########.#####
#.###..#......#..............#
#...#......#.###########.###.#
..#......#...............# #.#
#.##########.###############.#
#.#........#<# #@...#........#
#.#.######.#.# #l##.#.########
#.#.# #.#.###5##.#.#...# #.#.#
#.#...#.##.#.#.#.# ..#.#
#.###.#.##.#.....#
###.######.....#.##.###.###
#.##........<#.##.# #.#
#..'........<#$#).# #.#
####.........# #.## #.#


You could see an iguana (ally target) and a friendly iron imp (summoned).

Vanquished Creatures
  Natasha (D:2)
  A dart slug (D:1)
  2 ball pythons (D:1)
  3 bats (D:1)
  3 endoplasms (D:1)
  2 giant cockroaches
  3 goblins
  5 hobgoblins
  3 kobolds
  A quokka (D:1)
  4 frilled lizards
  6 rats
34 creatures vanquished.

Notes
Turn   | Place    | Note
-------+----------+-------------------------------------------
     0 | D:1      | Revguard the Demonspawn Gladiator began the quest for the
                  | Orb.
     0 | D:1      | Reached XP level 1. HP: 16/16 MP: 1/1
   172 | D:1      | Gained mutation: You are surrounded by a mild repulsion
                  | field. (EV +2) [demonic ancestry]
   172 | D:1      | Reached XP level 2. HP: 20/22 MP: 2/2
   534 | D:1      | Reached skill level 1 in Armour
  1226 | D:2      | Gained mutation: A weak demonic guardian rushes to your
                  | aid. [demonic ancestry]
  1226 | D:2      | Reached XP level 3. HP: 26/27 MP: 3/3
  1519 | D:2      | Noticed Natasha
  1522 | D:2      | Killed Natasha
  1748 | D:2      | Slain by an iguana

Illustrated notes

Levels and vault maps discovered:
D:1:      minmay_arrival_glassed_features, layout_basic, minmay_vboxes
D:2:      layout_basic, uniq_natasha

Skill      XL: |  1  2  3 |
---------------+----------+-----
Axes           | 3 |  3.3
Armour         | 1 |  1.6
Dodging        | 3 |  3.0
Fighting       | |  2.4
Throwing       | |  1.7

Action                   || total
-------------------------++-------
Melee: War axe           ||   107
  Use: Scroll            ||     2
       Potion            ||     1
 Stab: Sleeping          ||     2
Armor: Leather armour    ||    28
Dodge: Dodged            ||    86
